[ AOE2 MATCH · #504802406 ]
UnrankedItalians vs Sicilians
Player's team · WIN
[ REPLAY ANALYSIS · EXTRACTED FROM THE RECORDED GAME ]
Feudal
12:38
Castle
23:00
Imperial
—
| APM avg | 51.6 |
| APM peak | 97 |
| eAPM avg | 16.1 |
| Villagers / military | 40 / 20 |
Focus
⚔️ 32.3% · 🌾 67.7%
Archer ×16 · Spearman ×4
Feudal
13:44
Castle
21:00
Imperial
—
| APM avg | 36.8 |
| APM peak | 70 |
| eAPM avg | 16.0 |
| Villagers / military | 78 / 4 |
Focus
⚔️ 14.8% · 🌾 85.2%
Scout Cavalry ×2 · Militia ×1 · Battering Ram ×1
Match map
Initial resources + every placement click. Lines = walls · curves = elevation contours. ◆ gold · ⬟ stone · ● berries · ✦ relic · ◌ wall gap
Your base· Open — unwalled flank
Combi | Paloma 52's base· Open — 2t gap
Smoothed initial terrain · ◌ = detected wall gap · hover for details
Inputs per minute
— PigeonOnABrick - - Combi | Paloma 52
Build order — PigeonOnABrick
117 actions detected in the replay
| 0:37 | Build | Town Center |
| 1:25 | Build | House |
| 1:28 | Build | House |
| 1:38 | Build | House |
| 2:43 | Queue | Villager (Male) |
| 2:43 | Queue | Villager (Male) |
| 2:43 | Queue | Villager (Male) |
| 2:44 | Queue | Villager (Male) |
| 2:58 | Build | House |
| 4:11 | Queue | Villager (Male) |
| 4:11 | Queue | Villager (Male) |
| 4:44 | Queue | Villager (Male) |
| 5:07 | Queue | Villager (Male) |
| 5:26 | Queue | Villager (Male) |
| 5:48 | Queue | Villager (Male) |
| 6:18 | Build | Lumber Camp |
| 6:25 | Queue | Villager (Male) |
| 6:25 | Queue | Villager (Male) |
| 6:56 | Queue | Villager (Male) |
| 7:29 | Build | Mill |
| 7:34 | Queue | Villager (Male) |
| 7:54 | Queue | Villager (Male) |
| 8:20 | Build | House |
| 8:22 | Build | House |
| 8:27 | Queue | Villager (Male) |
| 8:52 | Queue | Villager (Male) |
| 9:21 | Build | Palisade Wall |
| 9:22 | Build | Palisade Wall |
| 9:30 | Build | Palisade Wall |
| 9:34 | Build | Palisade Wall |
| 9:35 | Build | Palisade Wall |
| 9:38 | Queue | Villager (Male) |
| 9:56 | Research | Loom |
| 10:28 | Research | Feudal Age |
| 10:48 | Build | Barracks |
| 11:44 | Build | Mining Camp |
| 11:51 | Queue | Villager (Male) |
| 12:38 | Build | Mill |
| 12:38 | Age | Feudal Age |
| 12:41 | Research | Double-Bit Axe |
| 12:50 | Build | Archery Range |
| 12:55 | Queue | Villager (Male) |
| 13:07 | Queue | Villager (Male) |
| 13:23 | Research | Double-Bit Axe |
| 13:37 | Queue | Archer |
| 13:51 | Queue | Spearman |
| 13:57 | Queue | Spearman |
| 13:57 | Queue | Villager (Male) |
| 13:58 | Queue | Villager (Male) |
| 14:10 | Queue | Archer |
| 14:27 | Build | Palisade Wall |
| 14:29 | Build | House |
| 14:36 | Queue | Villager (Male) |
| 14:49 | Queue | Villager (Male) |
| 14:50 | Queue | Archer |
| 14:55 | Build | Mill |
| 15:03 | Build | House |
| 15:12 | Queue | Villager (Male) |
| 15:29 | Queue | Archer |
| 15:42 | Queue | Spearman |
| 15:47 | Queue | Villager (Male) |
| 16:08 | Queue | Villager (Male) |
| 16:13 | Queue | Spearman |
| 16:15 | Queue | Archer |
| 16:22 | Build | Blacksmith |
| 16:33 | Build | Blacksmith |
| 16:34 | Build | House |
| 16:36 | Queue | Villager (Male) |
| 16:49 | Queue | Archer |
| 16:54 | Queue | Villager (Male) |
| 17:18 | Queue | Villager (Male) |
| 17:19 | Queue | Archer |
| 17:23 | Queue | Archer |
| 18:01 | Queue | Villager (Male) |
| 18:12 | Queue | Villager (Male) |
| 18:33 | Queue | Archer |
| 18:35 | Research | Fletching |
| 18:39 | Build | House |
| 18:42 | Build | House |
| 18:45 | Research | Town Watch |
| 18:50 | Build | Mill |
| 18:59 | Build | Market |
| 19:15 | Queue | Villager (Male) |
| 19:25 | Queue | Villager (Male) |
| 19:37 | Research | Padded Archer Armor |
| 19:39 | Queue | Archer |
| 19:45 | Build | Farm |
| 19:45 | Build | Farm |
| 19:46 | Build | Farm |
| 19:48 | Build | Farm |
| 19:49 | Build | Farm |
| 20:20 | Research | Castle Age |
| 20:20 | Research | Castle Age |
| 20:34 | Queue | Villager (Male) |
| 20:37 | Research | Gold Mining |
| 20:55 | Queue | Archer |
| 21:05 | Build | Mining Camp |
| 21:16 | Research | Padded Archer Armor |
| 21:46 | Queue | Archer |
| 22:12 | Build | Market |
| 22:29 | Queue | Archer |
| 23:00 | Age | Castle Age |
| 23:02 | Research | Bodkin Arrow |
| 23:03 | Research | Bow Saw |
| 23:16 | Queue | Villager (Male) |
| 23:41 | Queue | Archer |
| 23:43 | Research | Crossbowman (upgrade) |
| 24:10 | Queue | Villager (Male) |
| 24:26 | Queue | Archer |
| 24:53 | Queue | Villager (Male) |
| 24:54 | Queue | Villager (Male) |
| 25:20 | Build | Mining Camp |
| 25:24 | Build | Monastery |
| 25:37 | Queue | Archer |
| 25:56 | Build | Castle |
| 26:05 | Build | Castle |
| 26:22 | Research | Leather Archer Armor |
Build order — Combi | Paloma 52
121 actions detected in the replay
| 0:57 | Build | Town Center |
| 2:29 | Build | Palisade Wall |
| 3:21 | Queue | Villager (Male) |
| 3:21 | Queue | Villager (Male) |
| 3:22 | Queue | Villager (Male) |
| 3:22 | Queue | Villager (Male) |
| 4:15 | Build | House |
| 4:16 | Build | House |
| 4:21 | Research | Loom |
| 4:26 | Queue | Villager (Male) |
| 4:26 | Queue | Villager (Male) |
| 4:26 | Queue | Villager (Male) |
| 5:31 | Queue | Villager (Male) |
| 6:03 | Queue | Villager (Male) |
| 6:09 | Build | Lumber Camp |
| 6:35 | Queue | Villager (Male) |
| 6:48 | Queue | Villager (Male) |
| 7:00 | Queue | Villager (Male) |
| 7:07 | Queue | Villager (Male) |
| 8:12 | Queue | Villager (Male) |
| 8:23 | Queue | Villager (Male) |
| 8:43 | Queue | Villager (Male) |
| 8:50 | Queue | Villager (Male) |
| 8:54 | Build | House |
| 8:58 | Build | House |
| 9:02 | Queue | Villager (Male) |
| 9:05 | Queue | Villager (Male) |
| 9:50 | Queue | Villager (Male) |
| 10:44 | Queue | Villager (Male) |
| 10:45 | Queue | Villager (Male) |
| 10:48 | Build | Mill |
| 11:06 | Queue | Villager (Male) |
| 11:23 | Queue | Villager (Male) |
| 11:29 | Research | Feudal Age |
| 11:38 | Build | Barracks |
| 12:19 | Build | Farm |
| 12:20 | Build | Farm |
| 12:25 | Queue | Militia |
| 13:16 | Queue | Villager (Male) |
| 13:31 | Build | Farm |
| 13:44 | Age | Feudal Age |
| 13:46 | Queue | Villager (Male) |
| 13:52 | Build | Stable |
| 14:03 | Queue | Villager (Male) |
| 14:21 | Queue | Scout Cavalry |
| 14:21 | Queue | Scout Cavalry |
| 14:34 | Queue | Villager (Male) |
| 14:37 | Build | Farm |
| 14:40 | Build | Farm |
| 14:50 | Queue | Villager (Male) |
| 15:01 | Build | House |
| 15:06 | Build | House |
| 15:07 | Build | House |
| 15:45 | Queue | Villager (Male) |
| 16:08 | Queue | Villager (Male) |
| 16:12 | Build | Market |
| 16:14 | Queue | Villager (Male) |
| 16:38 | Queue | Villager (Male) |
| 17:00 | Queue | Villager (Male) |
| 17:10 | Queue | Villager (Male) |
| 17:16 | Queue | Villager (Male) |
| 17:25 | Queue | Villager (Male) |
| 18:06 | Queue | Villager (Male) |
| 18:06 | Queue | Villager (Male) |
| 18:20 | Research | Castle Age |
| 18:39 | Queue | Villager (Male) |
| 18:57 | Queue | Villager (Male) |
| 19:12 | Queue | Villager (Male) |
| 19:23 | Queue | Villager (Male) |
| 19:27 | Build | House |
| 20:14 | Build | Donjon |
| 21:00 | Age | Castle Age |
| 21:05 | Build | Town Center |
| 21:10 | Queue | Villager (Male) |
| 21:10 | Queue | Villager (Male) |
| 21:41 | Queue | Villager (Male) |
| 21:41 | Queue | Villager (Male) |
| 21:41 | Queue | Villager (Male) |
| 21:41 | Queue | Villager (Male) |
| 21:42 | Queue | Villager (Male) |
| 21:42 | Queue | Villager (Male) |
| 21:42 | Queue | Villager (Male) |
| 21:42 | Queue | Villager (Male) |
| 21:49 | Queue | Villager (Male) |
| 22:12 | Build | Town Center |
| 22:23 | Build | House |
| 22:28 | Queue | Villager (Male) |
| 22:46 | Queue | Villager (Male) |
| 23:12 | Queue | Villager (Male) |
| 23:12 | Queue | Villager (Male) |
| 23:16 | Queue | Villager (Male) |
| 23:20 | Queue | Villager (Male) |
| 23:26 | Queue | Villager (Male) |
| 23:26 | Queue | Villager (Male) |
| 23:26 | Queue | Villager (Male) |
| 23:41 | Queue | Villager (Male) |
| 23:53 | Build | Blacksmith |
| 24:09 | Queue | Villager (Male) |
| 24:27 | Build | Siege Workshop |
| 24:31 | Queue | Villager (Male) |
| 24:33 | Queue | Villager (Male) |
| 24:33 | Queue | Villager (Male) |
| 24:40 | Queue | Villager (Male) |
| 24:48 | Queue | Villager (Male) |
| 24:57 | Queue | Villager (Male) |
| 25:03 | Build | Stable |
| 25:07 | Queue | Villager (Male) |
| 25:29 | Build | House |
| 25:34 | Build | House |
| 25:36 | Queue | Villager (Male) |
| 25:39 | Build | House |
| 25:39 | Build | House |
| 25:42 | Queue | Villager (Male) |
| 25:47 | Queue | Villager (Male) |
| 25:52 | Build | Stable |
| 25:59 | Build | Farm |
| 26:02 | Build | Farm |
| 26:07 | Queue | Villager (Male) |
| 26:07 | Queue | Villager (Male) |
| 26:07 | Queue | Villager (Male) |
| 26:17 | Queue | Battering Ram |
Match timeline
| 2:29 | Combi | Paloma 52 · wall_segment Palisade Wall x1 |
| 9:21 | PigeonOnABrick · wall_segment Palisade Wall x4 |
| 9:22 | PigeonOnABrick · wall_segment Palisade Wall x2 |
| 9:30 | PigeonOnABrick · wall_segment Palisade Wall x2 |
| 9:34 | PigeonOnABrick · wall_segment Palisade Wall x4 |
| 9:35 | PigeonOnABrick · wall_segment Palisade Wall x2 |
| 10:48 | PigeonOnABrick · first_building Barracks |
| 11:38 | Combi | Paloma 52 · first_building Barracks |
| 12:38 | PigeonOnABrick · age_up feudal |
| 12:50 | PigeonOnABrick · first_building Archery Range |
| 13:44 | Combi | Paloma 52 · age_up feudal |
| 13:52 | Combi | Paloma 52 · first_building Stable |
| 14:27 | PigeonOnABrick · wall_segment Palisade Wall x1 |
| 18:10 | Combi | Paloma 52 · first_market_buy 100 food |
| 20:14 | Combi | Paloma 52 · first_building Donjon |
| 20:26 | Combi | Paloma 52 · first_market_sell 100 wood |
| 21:00 | Combi | Paloma 52 · age_up castle |
| 23:00 | PigeonOnABrick · age_up castle |
| 24:27 | Combi | Paloma 52 · first_building Siege Workshop |
| 24:37 | PigeonOnABrick · first_market_buy 100 stone |
| 25:24 | PigeonOnABrick · first_building Monastery |
| 25:56 | PigeonOnABrick · first_building Castle |
| 26:28 | Combi | Paloma 52 · resign |
[ AI ANALYSIS · 1 CREDIT ]
What really happened in this match?
Wolo.gg analyzes every decision: build order, eco, micro, common mistakes by bracket. Personalized analysis on WhatsApp or Discord in 30 seconds.
Civ guide
Italians
Perfil
Jugador #10657462